 Dungeon Crawl Stone Soup version 0.13-a0-2527-g93fcdc4 (webtiles) character file.

444 Rycklaryybbe the Ruffian (level 5, -1/44 HPs)
             Began as a Draconian Monk on July 25, 2013.
             Killed by divine providence
             ... invoked by an orc priest
              (12 damage)
             ... on Level 4 of the Dungeon.
             The game lasted 00:06:47 (3284 turns).

Rycklaryybbe the Ruffian (Draconian Monk)           Turns: 3284, Time: 00:06:47

HP  -1/44        AC  5     Str 14      XL: 5   Next: 77%
MP   4/4         EV 13     Int 11      God:
Gold 208         SH  0     Dex 13      Spells:  0 memorised,  4 levels left

Res.Fire  : . . .   See Invis. : .     - Unarmed
Res.Cold  : . . .   Warding    : .   (armour unavailable)
Life Prot.: . . .   Conserve   : .   (no shield)
Res.Poison: .       Res.Corr.  : .   (helmet restricted)
Res.Elec. : .       Clarity    : .   (no cloak)
Sust.Abil.: . .     Spirit.Shd : .   (no gloves)
Res.Mut.  : .       Stasis     : .   (no boots)
Res.Rott. : .       Flight     : .   (no amulet)
Saprovore : . . .                    (no ring)
                                     (no ring)

@: slowed, very slow, slightly resistant to hostile enchantments, fairly
stealthy
A: unfitting armour, AC +5
a: no special abilities


You were on level 4 of the Dungeon.
You were hungry.

You visited 1 branch of the dungeon, and saw 4 of its levels.

You collected 208 gold pieces.

Inventory:

Hand weapons
 t - a +0,+0 hand axe (quivered)
Missiles
 r - 5 steel darts
Armour
 c - a +0 shield
Comestibles
 b - 4 bread rations
 h - a choko
 o - a rambutan
 u - a meat ration
Scrolls
 d - a scroll of curse jewellery {unknown}
 e - 2 scrolls of teleportation {unknown}
 f - 3 scrolls of identify {unknown}
 g - 3 scrolls of remove curse {unknown}
 i - a scroll of noise {unknown}
 l - 4 scrolls of random uselessness {unknown}
 m - a scroll of fear {unknown}
 z - a scroll of magic mapping {unknown}
Jewellery
 x - an uncursed ring of flight {unknown}
Potions
 j - a potion of degeneration {unknown}
 k - a potion of magic {unknown}
 n - 2 potions of curing
 p - a potion of restore abilities {unknown}
 q - a potion of mutation {unknown}
 s - a potion of paralysis {unknown}
 w - a potion of slowing
 A - a potion of heal wounds {unknown}


   Skills:
 - Level 3.2 Fighting
 - Level 2.6 Dodging
 - Level 1.7 Stealth
 + Level 7.1 Unarmed Combat


You had 4 spell levels left.
You didn't know any spells.

Dungeon Overview and Level Annotations

Branches:
Dungeon (4/27)
 Temple: D:4-7

Altars:


Message History

You feel troubled.
The orc priest mumbles some strange prayers to Beogh.
You feel troubled. The orc skeleton hits you.
The orc priest mumbles some strange prayers to Beogh.
You feel a wave of unholy energy pass over you.
You hit the orc skeleton.
You tail-slap the orc skeleton, but do no damage.
The orc hits you but does no damage.
You hit the orc skeleton.
You destroy the orc skeleton!
The orc priest invokes the aid of Beogh against you.
Something smites you!
* * * LOW HITPOINT WARNING * * *
The orc wizard becomes somewhat translucent.
Drink which item? (? for menu, Esc to quit)
You feel yourself slow down.
It was a potion of slowing.
The orc priest mumbles some strange prayers to Beogh against you.
Something smites you!
You die...

.......# #......# ## ........#
#......# ........# #......#
........# #......# ........#
##'##### ........# #.# ........#
#.#
#.......################.########
......%.oo.oo..o@................
.....###############.........####
.....# #.........# # ..####
#.........# # o. #.........# # .
...........# # . ............# #
............# # ............# #


You could see 2 orc priests, an orc wizard and 2 orcs.

Vanquished Creatures
  3 worker ants (D:4)
  A black bear skeleton (D:4)
  A hound skeleton (D:4)
  2 adders (D:3)
  A giant mite (D:1)
  2 worms
  An adder skeleton (D:4)
  4 giant geckos
  An ooze (D:3)
  4 orcs
  A ball python (D:1)
  7 bats
  4 giant cockroaches
  11 goblins
  6 hobgoblins
  6 jackals
  5 kobolds
  A quokka (D:3)
  A giant gecko skeleton (D:4)
  5 giant newts
  A hobgoblin skeleton (D:4)
  An orc skeleton (D:4)
  7 rats
76 creatures vanquished.

Notes
Turn   | Place    | Note
--------------------------------------------------------------
     0 | D:1      | Rycklaryybbe, the Draconian Monk, began the quest for the Orb.
     0 | D:1      | Reached XP level 1. HP: 17/17 MP: 0/0
   106 | D:1      | Reached XP level 2. HP: 22/24 MP: 1/1
   358 | D:1      | Reached skill level 5 in Unarmed Combat
   527 | D:1      | Reached XP level 3. HP: 28/30 MP: 2/2
  1401 | D:3      | Reached XP level 4. HP: 13/37 MP: 3/3
  2412 | D:4      | Reached skill level 6 in Unarmed Combat
  2538 | D:4      | Reached XP level 5. HP: 28/44 MP: 4/4
  3158 | D:4      | Reached skill level 7 in Unarmed Combat
  3284 | D:4      | Killed from afar by an orc priest

Action                   |  1- 3 |  4- 6 || total
-------------------------+-------+-------++-------
Melee: Unarmed           |   130 |   130 ||   260
Throw: Dart              |     3 |     6 ||     9
       Hand axe          |     1 |     1 ||     2
  Use: Scroll            |       |     2 ||     2
       Potion            |       |     2 ||     2
 Stab: Sleeping          |     4 |     1 ||     5
